 Dungeon Crawl Stone Soup version 0.18.1-48-g4cf74bf (webtiles) character file.

60 Heedrag the Conjurer (level 3, -2/19 HPs)
             Began as a Deep Elf Conjurer on July 31, 2016.
             Slain by a worm (5 damage)
             ... on level 2 of the Dungeon.
             The game lasted 00:02:56 (1461 turns).

Heedrag the Conjurer (Deep Elf Conjurer)            Turns: 1461, Time: 00:02:57

Health: -2/19      AC:  2    Str:  6    XL:     3   Next: 80%
Magic:  0/10       EV: 13    Int: 19    God:
Gold:   49         SH:  0    Dex: 15    Spells: 1 memorised, 9 levels left

rFire  . . .     SeeInvis .     r - -3 spear (curse)
rCold  . . .     Gourm    .     a - +0 robe
rNeg   . . .     Faith    .     (no shield)
rPois  .         Spirit   .     (no helmet)
rElec  .         Dismiss  +     (no cloak)
rCorr  .         Reflect  .     (no gloves)
SustAt .         Harm     .     (no boots)
MR     .....                    d - amulet of dismissal
Stlth  ++........               (no ring)
                                (no ring)

@: not resistant to hostile enchantments, unstealthy
A: no striking features
a: no special abilities


You were on level 2 of the Dungeon.
You were hungry.

You visited 1 branch of the dungeon, and saw 2 of its levels.

You collected 49 gold pieces.

Inventory:

Hand Weapons
 k - a +0 short sword
 r - a cursed -3 spear (weapon)
Armour
 a - a +0 robe (worn)
Jewellery
 d - an amulet of dismissal (around neck)
Scrolls
 e - 2 scrolls of teleportation {unknown}
 f - a scroll of immolation {unknown}
 g - a scroll of blinking {unknown}
 h - a scroll of identify {unknown}
 j - a scroll of magic mapping {unknown}
 p - a scroll of remove curse {unknown}
 t - 3 scrolls of recharging {unknown}
 v - a scroll of enchant weapon {unknown}
Potions
 i - a potion of cure mutation {unknown}
 n - a potion of heal wounds {unknown}
 o - a potion of mutation {unknown}
 u - a potion of ambrosia {unknown}
Books
 b - a book of Conjurations

   Spells                             Type                      Level
   a - Magic Dart                     Conjuration                  1
   b - Searing Ray                    Conjuration                  2
   c - Dazzling Spray                 Conjuration/Hexes            3
   d - Fulminant Prism                Conjuration/Hexes            4
   e - Iskenderun's Mystic Blast      Conjuration                  4
   f - Iskenderun's Battlesphere      Conjuration/Charms           5
Comestibles
 c - 2 bread rations
 l - 4 fruits
 m - 2 beef jerkies
 q - a chunk of flesh
 s - a meat ration


   Skills:
 - Level 2.4 Dodging
 - Level 2.4 Stealth
 + Level 4.2 Spellcasting
 * Level 5.4 Conjurations


You had 9 spell levels left.
You knew the following spells:

 Your Spells              Type           Power        Failure   Level  Hunger
a - Magic Dart            Conj           ###.         1%          1    None


Dungeon Overview and Level Annotations

Branches:
Dungeon (2/15)

Altars:
Cheibriados
Trog


Message History

Aimin': Magic Dart
Press: ? - help, Shift-Dir - straight line, f/p - worm
Aim: a worm (severely wounded) Tha magic dart hits tha worm.
Tha worm be almost dead.
Some o' tha chunks o' flesh in yer inventory haf rotted away.
Castin': Magic Dart Confirm wit' . or Enter, or press ? or * ta list all spells.
Ye dinnae haf enough magic ta cast tha spell.
Unknown command.
Ye be feelin' hungry.
Castin': Magic Dart Confirm wit' . or Enter, or press ? or * ta list all spells.
Aimin': Magic Dart
Press: ? - help, Shift-Dir - straight line, f/p - worm
Aim: a worm (severely wounded) Tha magic dart hits tha worm.
Tha worm be almost dead.
Tha worm bites ye.
Ye die...

.#####.##.#.#.......
#.#(##.........
##.##.#.###.....
#.####..#.##.# #..#..
#............# #..#..
#####...###### #..#..
#..#....[.###<....
######.#######...#.[...
#....w@########.....###
.....##.##...........#....
...####'######..........##
. ##.......##.....##......
##.........##....###.....
#...........#............
#...†###....#....###.....
#...##y##...########.....
#....###....# ###.......


You could see a worm.

Vanquished Creatures
  An adder (D:2)
  2 worms (D:2)
  3 dart slugs
  2 giant cockroaches (D:1)
  4 goblins
  6 hobgoblins
  4 jackals
  4 kobolds
  2 quokkas (D:2)
  A ball python (D:2)
  3 bats
  5 rats (D:2)
37 creatures vanquished.

Notes
Turn   | Place    | Note
--------------------------------------------------------------
     0 | D:1      | Heedrag the Deep Elf Conjurer began the quest for the Orb.
     0 | D:1      | Reached XP level 1. HP: 10/10 MP: 6/6
   145 | D:1      | Reached XP level 2. HP: 15/15 MP: 1/8
   836 | D:2      | Reached skill level 5 in Conjurations
   934 | D:2      | Reached XP level 3. HP: 19/19 MP: 3/10
   941 | D:2      | Found a snail-covered altar of Cheibriados.
  1418 | D:2      | Noticed a moth of wrath
  1420 | D:2      | Found a bloodstained altar of Trog.
  1461 | D:2      | Slain by a worm

Skill      XL: |  1  2 |
---------------+-------+-----
Conjurations   | 5 |  5.4
Spellcasting   | 4 |  4.2
Dodging        | |  2.4
Stealth        | |  2.4

Action                   || total
-------------------------++-------
Melee: Short sword       ||     2
       Spear             ||     3
 Cast: Magic Dart        ||    80
  Eat: Chunk             ||     1
Armor: Robe              ||     3
Dodge: Dodged            ||     7
